 Dungeon Crawl Stone Soup version 0.28-a0-586-gbdb9d174a4 (webtiles) character file.

Game seed: 10554540922330636038

791 Bearserka the Slasher (level 7, -5/91 HPs)
             Began as a Pale Draconian Berserker on Oct 3, 2021.
             Was a Believer of Trog.
             Slain by a killer bee (6 damage)
             ... on level 5 of the Dungeon.
             The game lasted 00:31:31 (4108 turns).

Bearserka the Slasher (Pale Draconian Berserker)    Turns: 4108, Time: 00:31:32

Health: -5/91      AC:  7    Str: 22    XL:     7   Next: 57%
Magic:  7/7        EV: 13    Int:  7    God:    Trog [**....]
Gold:   200        SH:  0    Dex: 10    Spells: 6/6 levels left

rFire   . . .      SeeInvis .   A - +0 long sword (holy)
rCold   . . .      Faith    .   (no shield)
rNeg    . . .      Spirit   .   (armour unavailable)
rPois   .          Reflect  .   (helmet restricted)
rElec   .          Harm     .   (no cloak)
rCorr   .          Rampage  .   h - +0 pair of gloves
Will    ++...                   (no boots)
Stlth   ..........              (no amulet)
HPRegen 1.25/turn               (no ring)
MPRegen 0.10/turn               (no ring)

@: berserking, lethally poisoned (-5 -> -7), strong-willed, regenerating, very
quick
A: breathe steam, AC +6, unfitting armour, cold-blooded, steam resistance
a: Breathe Steam, Renounce Religion, Berserk, Trog's Hand


You were on level 5 of the Dungeon.
You worshipped Trog.
Trog was pleased with you.
You visited 1 branch of the dungeon, and saw 5 of its levels.

You collected 200 gold pieces.

Inventory:

Hand Weapons
 a - a +0 falchion
 b - a +0 hunting sling
 j - a +0 mace
 r - a +0 short sword of holy wrath
 A - a +0 long sword of holy wrath (weapon)
Missiles
 p - 56 sling bullets
 q - 3 poisoned darts (quivered)
 t - 80 stones
Armour
 e - a +0 ring mail
 h - a +0 pair of gloves (worn)
 l - a +0 ring mail
 v - a +0 robe
Wands
 y - a wand of paralysis (9)
Scrolls
 c - a scroll of silence {unknown}
 g - a scroll of torment {unknown}
 m - 2 scrolls of brand weapon {unknown}
 o - 5 scrolls of identify {unknown}
 s - a scroll of teleportation {unknown}
 w - a scroll of enchant weapon {unknown}
 x - a scroll of magic mapping {unknown}
 z - a scroll of vulnerability {unknown}
 B - a scroll of fog {unknown}
 D - a scroll of amnesia {unknown}
Potions
 d - a potion of mutation {unknown}
 f - 4 potions of curing {unknown}
 i - a potion of attraction {unknown}
 k - a potion of heal wounds {unknown}
 n - a potion of haste {unknown}
 u - a potion of brilliance {unknown}
 C - a potion of might {unknown}


   Skills:
 + Level 5.1 Fighting
 + Level 6.6 Long Blades
 + Level 1.0 Slings
 + Level 4.5 Dodging
 + Level 1.8 Stealth


You had 6 spell levels left.
You didn't know any spells.
Your spell library contained the following spells:

 Spells                   Type           Power      Damage    Failure   Level
 Foxfire                  Conj/Fire      0%         2x1d4     43%         1
 Magic Dart               Conj           0%         1d3       43%         1
 Ensorcelled Hibernation  Hex/Ice        0%         N/A       56%         2
 Searing Ray              Conj           0%         2d4       56%         2
 Call Canine Familiar     Summ           0%         N/A       80%         3
 Conjure Flame            Conj/Fire      0%         6-21      80%         3
 Inner Flame              Hex/Fire       0%         N/A       80%         3
 Portal Projectile        Hex/Tloc       0%         N/A       80%         3
 Spider Form              Tmut/Pois      0%         N/A       80%         3
 Summon Guardian Golem    Hex/Summ       0%         N/A       80%         3
 Flame Wave               Conj/Fire      0%         3d3       99%         4
 Fulminant Prism          Conj/Hex       0%         3d6       99%         4
 Leda's Liquefaction      Hex/Erth       0%         N/A       99%         4
 Orb of Destruction       Conj           0%         N/A       100%        7
 Spellforged Servitor     Conj/Summ      0%         N/A       100%        7


Dungeon Overview and Level Annotations

Branches:
Dungeon (5/15)             Temple (0/1) D:4

Altars:
Gozag


Innate Abilities, Weirdness & Mutations

You can breathe blasts of scalding, opaque steam.
Your pale cyan-grey scales are hard. (AC +6)
You cannot fit into any form of body armour.
You are cold-blooded and may be slowed by cold attacks.
You are immune to the effects of steam.


Message History

The killer bee buzzes angrily.
The killer bee stings you but does no damage.
The killer bee stings you.
* * * LOW HITPOINT WARNING * * *
You are poisoned.
The killer bee poisons you! The killer bee stings you.
* * * LOW HITPOINT WARNING * * *
The killer bee barely misses you. The jackal barely misses you.
The meliai zombie barely misses you.
The meliai zombie hits you but does no damage.
The killer bee barely misses you. x2; The killer bee stings you.
* * * LOW HITPOINT WARNING * * *
The killer bee barely misses you. The jackal closely misses you.
A red film seems to cover your vision as you go berserk!
You feel yourself moving faster!
You feel mighty!
You feel sick.
The jackal barks!
The meliai zombie barely misses you. x2; The killer bee closely misses you. x2
The killer bee misses you. The killer bee barely misses you.
The meliai zombie closely misses you. The meliai zombie misses you.
The killer bee stings you but does no damage.
The jackal barely misses you. The killer bee closely misses you. x2
The killer bee stings you but does no damage.
You slash the meliai zombie!
The meliai zombie convulses!
Your tail-slap misses the meliai zombie.
The meliai zombie is heavily damaged.
You feel sick. The killer bee barely misses you. The killer bee stings you.
* * * LOW HITPOINT WARNING * * *
You are more poisoned.
The killer bee poisons you! The killer bee stings you.
* * * LOW HITPOINT WARNING * * *
The killer bee closely misses you. The meliai zombie hits you!
* * * LOW HITPOINT WARNING * * *
The meliai zombie hits you but does no damage.
The jackal closely misses you.
You barely miss the meliai zombie.
The meliai zombie is heavily damaged.
* * * LOW HITPOINT WARNING * * *
You feel sick. The killer bee misses you. The killer bee completely misses you.
The killer bee barely misses you. The killer bee stings you.
You die...

.#.h.(..............
.......)####........
###..##....#........
##.####............
#...###............
#.................
#h####.##.......#.
#....##y......###
#..h.h@yy.....#
#........Zyyy......#
#(......####......##
#......... .......#
.....................
$.....#...............
......#...............
##.####.............


You could see 6 killer bees, a meliai zombie and 3 jackals.

Vanquished Creatures
  Grinder (D:2)
  Sigmund (D:4)
  A necrophage (D:3)
  A phantom (D:4)
  A scorpion (D:5)
  Ijyb (D:5)
  An iguana (D:4)
  A hound skeleton (D:4)
  8 adders
  A worm (D:3)
  A dart slug (D:3)
  3 orcs
  6 endoplasms
  5 giant cockroaches
  6 goblins
  7 hobgoblins
  5 jackals
  7 kobolds
  2 quokkas (D:4)
  6 ball pythons
  9 bats
  A frilled lizard (D:3)
  A quokka skeleton (D:4)
  5 rats
81 creatures vanquished.

Notes
Turn   | Place    | Note
-------+----------+-------------------------------------------
     0 | D:1      | Bearserka the Draconian Berserker began the quest for the
                  | Orb.
     0 | D:1      | Reached XP level 1. HP: 19/19 MP: 1/1
   134 | D:1      | Reached XP level 2. HP: 26/26 MP: 2/2
   383 | D:1      | Found a faded altar of an unknown god.
  1289 | D:2      | Reached XP level 3. HP: 33/33 MP: 3/3
  1617 | D:2      | Reached ** piety under Trog
  1939 | D:3      | Noticed Grinder
  1963 | D:2      | Paralysed by Grinder for 4 turns
  1972 | D:2      | Killed Grinder
  1973 | D:2      | Reached skill level 5 in Long Blades
  1973 | D:2      | Reached skill level 1 in Stealth
  1973 | D:2      | Reached XP level 4. HP: 7/41 MP: 4/4
  1973 | D:2      | Reached XP level 5. HP: 8/47 MP: 5/5
  2533 | D:3      | Reached XP level 6. HP: 53/53 MP: 6/6
  3440 | D:4      | Found a staircase to the Ecumenical Temple.
  3440 | D:4      | Found an opulent altar of Gozag.
  3441 | D:4      | Noticed Sigmund
  3472 | D:4      | Killed Sigmund
  3473 | D:4      | Reached skill level 5 in Fighting
  3473 | D:4      | Reached skill level 6 in Long Blades
  3473 | D:4      | Your scales start taking on a pale cyan-grey colour.
  3473 | D:4      | Reached XP level 7. HP: 61/61 MP: 7/7
  3473 | D:4      | Gained mutation: You are immune to the effects of steam.
                  | [Pale Draconian growth]
  4042 | D:5      | Entered Level 5 of the Dungeon
  4050 | D:5      | Noticed Ijyb
  4065 | D:5      | Killed Ijyb
  4078 | D:5      | Reached skill level 1 in Slings
  4107 | D:5      | HP: 2/91 [meliai zombie (8)]
  4108 | D:5      | Slain by a killer bee

Illustrated notes

Levels and vault maps discovered:
D:1:      sevenhm_arrival_forest_fort_large_3, layout_basic,
          ebering_ecumenical_altar_mist, chequers_garden
D:2:      layout_loops_cross
D:3:      layout_basic, uniq_grinder
D:4:      layout_cave_pools, lemuel_crystal_altar,
          minmay_temple_entry_junction_2, uniq_sigmund
D:5:      layout_cave_pools, uniq_ijyb

Skill      XL: |  1  2  3  4  5  6  7 |
---------------+----------------------+-----
Dodging        | 3 4 |  4.5
Fighting       | 4 5 |  5.1
Long Blades    | 5 6 |  6.6
Stealth        | 1 |  1.8
Slings         | 1 |  1.0

Action                   |  1- 3 |  4- 6 |  7- 9 || total
-------------------------+-------+-------+-------++-------
Melee: Falchion          |   118 |   110 |    30 ||   258
       Tailslap          |    10 |    19 |     8 ||    37
       Long sword        |       |       |    39 ||    39
 Fire: Hunting sling     |     2 |     4 |       ||     6
Invok: Berserk           |     1 |     2 |     1 ||     4
       Trog's Hand       |     1 |     1 |     3 ||     5
 Stab: Sleeping          |       |       |     2 ||     2
Armor: Skin              |    36 |    40 |    19 ||    95
Dodge: Dodged            |    61 |    65 |    72 ||   198

Table legend: (Time is in decaauts)
 A = Elapsed time spent in this place.
 B = Non-inter-level travel time spent in this place.
 C = Inter-level travel time spent in this place.
 D = Time resting spent in this place.
 E = Time spent auto-exploring this place.
 F = Levels seen in this place.
 G = Mean time per level.
                   A        B        C        D        E       F      G
               +--------+--------+--------+--------+--------+-----+--------+
         Total |   4135 |   4135 |      0 |    985 |   1980 |   5 |  827.0 |
       Dungeon |   4135 |   4135 |      0 |    985 |   1980 |   5 |  827.0 |
               +--------+--------+--------+--------+--------+-----+--------+

Top non-repeatable levels by time:
     D:2: 1362 daAuts
     D:1: 1057 daAuts
     D:3: 844 daAuts
     D:4: 804 daAuts
     D:5: 66 daAuts
